 Dungeon Crawl Stone Soup version 0.30-a0-4-ga7cffc901d (webtiles) character file.

Game seed: 1687761416378669070

310 voltaire321 the Sneak (level 6, -3/36 HPs)
             Began as a Kobold Enchanter on Aug 20, 2022.
             Slain by Duvessa
             ... wielding a +0 short sword
              (6 damage)
             ... on level 3 of the Dungeon.
             The game lasted 00:07:32 (3958 turns).

voltaire321 the Sneak (Kobold Enchanter)            Turns: 3958, Time: 00:07:33

Health: -3/36      AC:  2    Str:  9    XL:     6   Next: 70%
Magic:  9/10       EV: 32    Int: 14    God:
Gold:   233        SH:  0    Dex: 22    Spells: 6/11 levels left

rFire   . . .      SeeInvis .    a - +1 dagger
rCold   . . .      Faith    .    (no shield)
rNeg    . . .      Spirit   .    b - +0 robe
rPois   +          Reflect  .    (no helmet)
rElec   .          Harm     .    (no cloak)
rCorr   +          Rampage  .    (no gloves)
Will    .....                    (no boots)
Stlth   ++++......               h - amulet of the acrobat
HPRegen 0.12/turn                j - ring of poison resistance
MPRegen 0.12/turn                r - ring "Naurasi" {rCorr Str+4 Int-2 Dex+4 Slay+2}

@: acrobatic
A: small, no large weapons, nightstalker 3
a: no special abilities


You were on level 3 of the Dungeon.
You visited 1 branch of the dungeon, and saw 4 of its levels.

You collected 233 gold pieces.

Inventory:

Hand Weapons
 a - a +1 dagger (weapon)
Missiles
 l - 3 poisoned darts (quivered)
Armour
 b - a +0 robe (worn)
Jewellery
 h - an amulet of the acrobat (around neck)
 j - a ring of poison resistance (left hand)
 r - the ring "Naurasi" (right hand) {rCorr Str+4 Int-2 Dex+4 Slay+2}
   (You found it on level 3 of the Dungeon)

   [ring of resist corrosion]

   Str:       It affects your strength (+4).
   Int:       It affects your intelligence (-2).
   Dex:       It affects your dexterity (+4).
   Slay:      It affects your accuracy & damage with ranged weapons and melee
   (+2).
   rCorr:     It protects you from acid and corrosion.
Scrolls
 e - a scroll of enchant armour {unknown}
 f - a scroll of enchant weapon {unknown}
 i - 2 scrolls of teleportation {unknown}
 k - a scroll of magic mapping {unknown}
 n - a scroll of blinking {unknown}
 p - 2 scrolls of poison {unknown}
Potions
 c - 2 potions of invisibility
 g - a potion of haste
 m - a potion of magic
 o - a potion of curing
 q - a potion of lignification
 s - a potion of might


   Skills:
 + Level 2.3 Fighting
 + Level 3.1 Short Blades
 + Level 3.7 Dodging
 + Level 5.2 Stealth
 + Level 3.2 Spellcasting
 + Level 3.8 Hexes
 + Level 2.0 Ice Magic


You had 6 spell levels left.
You knew the following spells:

 Your Spells              Type           Power      Damage    Failure   Level
a - Ensorcelled Hibernat  Hex/Ice        20%        N/A       10%         2
b - Tukima's Dance        Hex            12%        N/A       13%         3

Your spell library contained the following spells:

 Spells                   Type           Power      Damage    Failure   Level
 Confusing Touch          Hex            12%        N/A       13%         3
 Foxfire                  Conj/Fire      8%         2x1d4     22%         1
 Dazzling Flash           Conj/Hex       14%        N/A       28%         3
 Inner Flame              Hex/Fire       7%         N/A       28%         3
 Conjure Flame            Conj/Fire      2%         6-21      54%         3
 Ignite Poison            Fire/Tmut/Pois 2%         N/A       54%         3
 Flame Wave               Conj/Fire      2%         2d4       91%         4
 Sticky Flame             Conj/Fire      2%         2d3       91%         4


Dungeon Overview and Level Annotations

Branches:
Dungeon (4/15)
 Temple: D:4-7

Altars:
The Shining One

Shops:
D:1 (

Annotations:
D:3 Duvessa


Innate Abilities, Weirdness & Mutations

You are small and have problems with some larger weapons.
You are completely attuned to the shadows.


Message History

Duvessa and Dowan come into view.
Duvessa shouts!
Throw: 5 darts (poison)
Press: ? - help, Q - select action, (/) - cycle Shift-Dir - straight line, f - Dowan
Aim: Dowan, wielding a +0 dagger and wearing a +0 robe (57% to hit)
You throw a poisoned dart. The poisoned dart hits Dowan.
Dowan is poisoned.
Throw: 4 darts (poison)
Press: ? - help, Q - select action, (/) - cycle Shift-Dir - straight line, f - Duvessa, p - Dowan
Aim: Duvessa, wielding a +0 short sword and wearing a +0 leather armour (69% to hit)
You throw a poisoned dart. The poisoned dart hits Duvessa.
Casting: Ensorcelled Hibernation (safe; 10% risk of failure)
Confirm with . or Enter, or press ? or * to list all spells.
Aiming: Ensorcelled Hibernation (safe; 10% risk of failure)
Press: ? - help, Shift-Dir - straight line, f/p - Duvessa
Aim: Duvessa, wielding a +0 short sword and wearing a +0 leather armour (chance to affect: 27%) Dowan looks drowsy...
The helpless Dowan fails to defend himself.
You spit Dowan like a pig!!!
You kill Dowan!
Duvessa screams, "No!
How DARE you!"
Duvessa goes berserk!
Your Ice Magic skill increases to level 2!
Casting: Ensorcelled Hibernation (safe; 10% risk of failure)
Confirm with . or Enter, or press ? or * to list all spells.
You can't see any susceptible monsters within range! (Use Z to cast anyway.) Unknown command.
Duvessa completely misses you. Duvessa attacks as you move away!
Duvessa hits you with a +0 short sword. Duvessa hits you with a +0 short sword!
Duvessa rages.
Duvessa hits you with a +0 short sword. Duvessa attacks as you move away!
Duvessa completely misses you.
There is a stone staircase leading up here.
Duvessa closely misses you. Duvessa hits you with a +0 short sword!
* * * LOW HITPOINT WARNING * * *
You climb upwards.
There is a stone staircase leading down here.
Duvessa closely misses you. Duvessa misses you.
Duvessa attacks as you move away! Duvessa hits you with a +0 short sword.
You die...

#.#.#.....####.......#####.####
#.#.#.....# #####.#..........#
#.#.#<....# #.#.##########
#.#.#.....########.####
..#...................#
##################.##.#
#.................##.#
#.##################.# #.#
#......e@..##.# #.#
#....>.....##.#
#.######...........#.#
##.#......#.#######.#.#
..........#.........#.######
##........#########.#......#
............#.....#.######.#
##..........#..####.# #.#
............#..# #.# #.#


You could see Duvessa (berserk).

Vanquished Creatures
  A black bear (D:4)
  Dowan (D:4)
  A hound (D:4)
  Jessica (D:3)
  4 gnolls (D:3)
  2 adders
  2 worms (D:2)
  A dart slug (D:1)
  5 endoplasms
  5 giant cockroaches
  7 goblins
  5 hobgoblins
  2 jackals (D:1)
  2 quokkas (D:1)
  6 ball pythons
  7 bats
  4 frilled lizards
  4 kobolds
  4 rats
64 creatures vanquished.

Notes
Turn   | Place    | Note
-------+----------+-------------------------------------------
     0 | D:1      | voltaire321 the Kobold Enchanter began the quest for the
                  | Orb.
     0 | D:1      | Reached XP level 1. HP: 10/10 MP: 3/3
   186 | D:1      | Reached XP level 2. HP: 16/16 MP: 5/5
   225 | D:1      | Learned a level 2 spell: Ensorcelled Hibernation
   568 | D:1      | Found Tarounla's Weapon Boutique.
   628 | D:1      | Reached XP level 3. HP: 6/20 MP: 6/6
   929 | D:1      | Reached skill level 1 in Fighting
  1809 | D:2      | Found a glowing golden altar of the Shining One.
  2086 | D:2      | Reached XP level 4. HP: 15/25 MP: 2/7
  2217 | D:2      | Found a faded altar of an unknown god.
  2459 | D:2      | Reached skill level 1 in Ice Magic
  2538 | D:2      | Learned a level 3 spell: Tukima's Dance
  2781 | D:3      | Reached XP level 5. HP: 29/29 MP: 9/9
  3221 | D:3      | Noticed Jessica
  3228 | D:3      | Killed Jessica
  3576 | D:3      | Identified the ring "Naurasi" {rCorr Str+4 Int-2 Dex+4
                  | Slay+2}
  3863 | D:4      | Noticed a black bear
  3867 | D:4      | Killed a black bear
  3868 | D:4      | Reached skill level 5 in Stealth
  3868 | D:4      | Reached XP level 6. HP: 35/35 MP: 10/10
  3940 | D:4      | Noticed Duvessa
  3940 | D:4      | Noticed Dowan
  3945 | D:4      | Killed Dowan
  3958 | D:3      | Slain by Duvessa

Illustrated notes

Levels and vault maps discovered:
D:1:      amcnicky_arrival_blooded_trapdoor, layout_basic, serial_shops, shop
D:2:      layout_rooms, ebering_ecumenical_altar_rust, basic_altar,
          minmay_diced_spiral
D:3:      layout_basic, uniq_jessica
D:4:      layout_cave_pods, nicolae_concentric_dashed_squares_wild, uniq_robin,
          uniq_duvessa

Skill      XL: |  1  2  3  4  5  6 |
---------------+-------------------+-----
Fighting       | 1 2 |  2.3
Short Blades   | 2 3 |  3.1
Dodging        | 3 |  3.7
Ice Magic      | 1 2 |  2.0
Stealth        | 5 |  5.2
Spellcasting   | 3 |  3.2
Hexes          | |  3.8

Action                   |  1- 3 |  4- 6 || total
-------------------------+-------+-------++-------
Melee: Dagger            |    90 |    41 ||   131
       Punch             |     1 |       ||     1
Throw: Dart              |       |     2 ||     2
 Cast: Ensorcelled Hiber |     9 |     6 ||    15
  Use: Scroll            |     1 |     5 ||     6
 Stab: Sleeping          |    21 |    19 ||    40
Armor: Robe              |     9 |     4 ||    13
Dodge: Dodged            |    88 |    28 ||   116

Table legend: (Time is in decaauts)
 A = Elapsed time spent in this place.
 B = Non-inter-level travel time spent in this place.
 C = Inter-level travel time spent in this place.
 D = Time resting spent in this place.
 E = Time spent auto-exploring this place.
 F = Levels seen in this place.
 G = Mean time per level.
                   A        B        C        D        E       F      G
               +--------+--------+--------+--------+--------+-----+--------+
         Total |   3945 |   3857 |     88 |    981 |   2281 |   4 |  986.2 |
       Dungeon |   3945 |   3857 |     88 |    981 |   2281 |   4 |  986.2 |
               +--------+--------+--------+--------+--------+-----+--------+

Top non-repeatable levels by time:
     D:1: 1952 daAuts
     D:3: 1060 daAuts
     D:2: 806 daAuts
     D:4: 125 daAuts
